[Event "Nova Scotia Closed "]
[Site "Halifax CAN"]
[Date "2019.07.07"]
[Round "5.1"]
[White "Gonzalez-Cueto, Jose"]
[Black "Felix, Chris"]
[Result "1/2-1/2"]
[ECO "E63"]
[WhiteElo "2085"]
[BlackElo "2031"]
[PlyCount "62"]
[EventDate "2019.07.05"]
[EventType "tourn"]
[EventRounds "5"]
[EventCountry "CAN"]
[TimeControl "30/90+45:0"]

1. d4 Nf6 2. Nf3 g6 3. g3 Bg7 4. Bg2 d6 5. O-O O-O 6. c4 Nc6 7. Nc3 a6 8. e4 Bg4 9. Be3 Nd7 10. Qd2 e5 11. d5 Bxf3 12. Bxf3 Nd4 13. Bg2 Rb8 14. f4 b5 15. fxe5 dxe5 16. Ne2 c5 17. dxc6 Nxc6 18. Rad1 Nf6 19. Qd6 Nd4 20. Qxd8 Nxe2+ 21. Kf2 Rfxd8 22. Rxd8+ Rxd8 23. Kxe2 bxc4 24. Bd2 Nd7 25. Rc1 Nb6 26. Rc2 Bf8 27. Bc3 f6 28. Bh3 Kf7 29. Rd2 Rxd2+ 30. Kxd2 Na4 31. Bf1 Nxc3 1/2-1/2

[Event "Nova Scotia Closed "]
[Site "Halifax CAN"]
[Date "2019.07.07"]
[Round "5.2"]
[White "Younis, Tallal"]
[Black "Charlton, Glenn"]
[Result "1/2-1/2"]
[ECO "B36"]
[WhiteElo "2154"]
[BlackElo "2052"]
[PlyCount "62"]
[EventDate "2019.07.05"]
[EventType "tourn"]
[EventRounds "5"]
[EventCountry "CAN"]
[TimeControl "30/90+45:0"]

1. e4 c5 2. Nf3 g6 3. d4 cxd4 4. Nxd4 Nc6 5. c4 Nf6 6. Nc3 d6 7. Be2 Nxd4 8. Qxd4 Bg7 9. Bg5 O-O 10. Qd2 a5 11. O-O a4 12. Rab1 Qa5 13. Rfc1 Be6 14. f3 Rfc8 15. Nd5 Qxd2 16. Nxf6+ Bxf6 17. Bxd2 b5 18. cxb5 Rxc1+ 19. Rxc1 Bxb2 20. Rc2 a3 21. Bc3 Bxc3 22. Rxc3 Bxa2 23. b6 Bd5 24. Rc1 a2 25. Ra1 Bc6 26. Bc4 Rb8 27. Rxa2 Rxb6 28. Kf2 Kg7 29. Rd2 Rb4 30. Ba2 Bb5 31. Ke3 Kf6 1/2-1/2

[Event "Nova Scotia Closed "]
[Site "Halifax CAN"]
[Date "2019.07.07"]
[Round "5.3"]
[White "Langen, Roger"]
[Black "Mayo, Alvah"]
[Result "1/2-1/2"]
[ECO "B06"]
[WhiteElo "2125"]
[BlackElo "2163"]
[PlyCount "51"]
[EventDate "2019.07.05"]
[EventType "tourn"]
[EventRounds "5"]
[EventCountry "CAN"]
[TimeControl "30/90+45:0"]

1. e4 g6 2. Bc4 Nc6 3. d4 d6 4. Nf3 Bg7 5. h3 Nf6 6. Qe2 O-O 7. e5 dxe5 8. dxe5 Nd5 9. O-O Nb6 10. Bb3 Nd4 11. Nxd4 Qxd4 12. Re1 Bd7 13. Nc3 Bc6 14. e6 f5 15. Be3 Qh4 16. Bc5 h5 17. Rad1 Kh7 18. f3 Bf6 19. a3 Rg8 20. Rd3 Rad8 21. Red1 Rd6 22. Bf2 Qf4 23. Be3 Qg3 24. Bf2 Qf4 25. Be3 Qg3 26. Bf2 1/2-1/2